 Dungeon Crawl Stone Soup version 0.31.0-12-g77e489cdc1 (webtiles) character file.

Game seed: 15521667214982015981

336 lordive the Changeling (level 6, -21/43 HPs)
             Began as a Merfolk Shapeshifter on Mar 2, 2024.
             Demolished by an ogre
             ... wielding a +0 giant club
              (29 damage)
             ... on level 3 of the Dungeon.
             The game lasted 00:04:34 (2933 turns).

lordive the Changeling (Merfolk Shapeshifter)       Turns: 2933, Time: 00:04:34

Health: -21/43     AC:  3    Str: 15    XL:     6   Next: 54%
Magic:  6/6        EV: 13    Int: 11    God:
Gold:   134        SH:  0    Dex: 13    Spells: 5/5 levels left

rFire   . .          .
                       - Unarmed
rCold   . . .        (no shield)
rNeg    . . .        u - +0 leather armour
rPois   +            p - melded +0 helmet
rElec   .            n - melded +0 cloak
rCorr   .            s - melded +0 pair of gloves
SInv    .            (boots currently unavailable)
Will    .....        (no amulet)
Stlth   +            v - ring of poison resistance
HPRegen 0.27/turn    (no ring)
MPRegen 0.10/turn

%: no passive effects
@: beast-form
A: beast (slay +3), (nimble swimmer 2), mertail
a: Begin Untransformation


You were on level 3 of the Dungeon.
You were a hulking beast.
You visited 1 branch of the dungeon, and saw 4 of its levels.

You collected 134 gold pieces.

Inventory:

Armour
 n - a +0 cloak (melded)
 p - a +0 helmet (melded)
 s - a +0 pair of gloves (melded)
 u - a +0 leather armour (worn)
Jewellery
 e - an amulet of faith
 j - a ring of ice
 r - a ring of ice
 v - a ring of poison resistance (left hand)
 A - a ring of positive energy
Talismans
 c - a beast talisman (active)
 d - a flux talisman
Scrolls
 a - a scroll of enchant weapon {unknown}
 b - 3 scrolls of identify {unknown}
 f - 2 scrolls of noise {unknown}
 k - a scroll of teleportation {unknown}
 m - a scroll of fear {unknown}
 o - a scroll of enchant armour {unknown}
 q - a scroll of blinking {unknown}
 x - a scroll of immolation
 y - a scroll of brand weapon {unknown}
 z - a scroll of fog {unknown}
Potions
 g - a potion of ambrosia {unknown}
 h - 2 potions of attraction {unknown}
 i - a potion of brilliance {unknown}
 l - a potion of magic {unknown}
 t - 2 potions of enlightenment {unknown}
 w - a potion of haste {unknown}


   Skills:
 + Level 1.5 Fighting
 + Level 0.1 Armour
 + Level 4.3 Dodging
 + Level 5.7 Unarmed Combat
 * Level 6.0 Shapeshifting


You had 5 spell levels left.
You didn't know any spells.
Your spell library contained the following spells:

 Spells                   Type           Power      Damage    Failure   Level
 Sandblast                Erth           0%         2d4       41%         1
 Ensorcelled Hibernation  Hex/Ice        0%         N/A       54%         2
 Static Discharge         Conj/Air       0%         3-3/arc   54%         2
 Passwall                 Erth           0%         N/A       78%         3
 Stone Arrow              Conj/Erth      0%         3d7       78%         3
 Swiftness                Air            0%         N/A       78%         3
 Airstrike                Air            0%         2d(0-16)  99%         4
 Brom's Barrelling Bould  Conj/Erth      0%         2d3       99%         4
 Summon Lightning Spire   Summ/Air       0%         N/A       99%         4


Dungeon Overview and Level Annotations

Branches:
Dungeon (4/15)
 Temple: D:4-7

Altars:
Fedhas
Qazlal
Xom

Annotations:
D:3 1 runed translucent door, spaghetti's ghost, amateur NaCK


Innate Abilities, Weirdness & Mutations

You are a hulking beast.
Your limbs bulge with bestial killing power. (Slay +3)
((You are very nimble when in or above water. (Stealth+, EV+, Speed+++)))
Your lower body shifts to a powerful aquatic tail in water.


Message History

You kill the ufetubus!
The jackal barely misses you.
You punch the jackal!
You kill the jackal!
No target in view!
HP restored.
You open the door.
There is an open door here.
You now have 134 gold pieces (gained 17).
Found 2 poisoned darts.
An ogre comes into view. It is wielding a +0 giant club.
Found a scroll labelled JUMOAH CEEF.
The ogre shouts!
A gnoll comes into view. It is wielding a +0 halberd.
A gnoll comes into view. It is wielding a +0 club.
There are monsters nearby!
There are monsters nearby!
The gnoll shouts! x2
A jackal comes into view.
A gnoll bouda comes into view. It is wielding a +0 whip.
A gnoll comes into view. It is wielding a +0 flail.
There is an open door here.
An ogre is nearby!
There is a stone staircase leading up here.
The ogre hits you with a +0 giant club!!!
Ouch! That really hurt!
* * * LOW HITPOINT WARNING * * *
You climb upwards.
Level annotation: 1 runed translucent door, spaghetti's ghost, amateur NaCK
There is a stone staircase leading down here.
You punch the ogre!
The ogre is moderately wounded.
The ogre barely misses you.
You hit the ogre.
The ogre is heavily wounded.
You barely miss the ogre.
The ogre is heavily wounded.
The ogre hits you with a +0 giant club!!
Ouch! That really hurt!
You die...

#...... ###.###
#....# #..#.#
################..#.#
#..........#.........
#.#######....###.†#.#
#.#####....#####..#.#
#...hO...............
##########.....#..#.#
#####.####.# #.#..#.#
#.#..#.# #.#..#.#
#.#<.[.# #....###
#.......


You could see an ogre.

Vanquished Creatures
  Sigmund (D:2)
  A hound (D:3)
  Terence (D:2)
  Robin (D:2)
  An adder (D:3)
  A gnoll (D:1)
  2 ufetubi (D:4)
  2 ribbon worms
  A dart slug (D:2)
  4 orcs (D:3)
  4 endoplasms
  2 giant cockroaches (D:3)
  15 goblins
  11 hobgoblins
  8 jackals
  7 kobolds
  3 quokkas
  3 ball pythons
  4 bats
  4 rats
76 creatures vanquished.

Notes
Turn   | Place    | Note
-------+----------+-------------------------------------------
     0 | D:1      | lordive the Merfolk Shapeshifter began the quest for the
                  | Orb.
     0 | D:1      | Reached XP level 1. HP: 15/15 MP: 1/1
   238 | D:1      | Reached XP level 2. HP: 12/21 MP: 2/2
   297 | D:1      | Found a faded altar of an unknown god.
   322 | D:1      | Reached XP level 3. HP: 12/26 MP: 3/3
  1061 | D:2      | Noticed Sigmund
  1070 | D:2      | Killed Sigmund
  1071 | D:2      | Reached skill level 5 in Unarmed Combat
  1071 | D:2      | Reached skill level 5 in Shapeshifting
  1071 | D:2      | Reached XP level 4. HP: 16/32 MP: 4/4
  1071 | D:2      | Reached XP level 5. HP: 18/37 MP: 5/5
  1091 | D:2      | Noticed Robin
  1099 | D:2      | Killed Robin
  1297 | D:2      | Noticed Terence
  1306 | D:2      | Killed Terence
  1307 | D:2      | Reached XP level 6. HP: 30/43 MP: 6/6
  2004 | D:3      | Found a runed translucent door.
  2005 | D:3      | Noticed spaghetti's ghost (amateur NaCK)
  2261 | D:3      | Found a blossoming altar of Fedhas.
  2370 | D:3      | Found a stormy altar of Qazlal.
  2537 | D:3      | Found a shimmering altar of Xom.
  2636 | D:3      | Reached skill level 6 in Shapeshifting
  2933 | D:3      | Demolished by an ogre

Illustrated notes

Levels and vault maps discovered:
D:1:      minmay_arrival_loop, layout_loops_ring, basic_ecumenical_altar
D:2:      layout_basic, minmay_distorted, uniq_robin, uniq_terence, uniq_sigmund
D:3:      layout_basic, nicolae_qazlal_general_emergency,
          general_overflow_altar, mainiacjoe_overflow_concentric_impassable,
          ebering_ghost_inner_flame
D:4:      layout_gridville, slow_altar_1

Skill      XL: |  1  2  3  4  5  6 |
---------------+-------------------+-----
Dodging        | 3 4 |  4.3
Unarmed Combat | 5 |  5.7
Shapeshifting  | 5 6 |  6.0
Fighting       | |  1.5
Armour         | |  0.1

Action                     |  1- 3 |  4- 6 || total
---------------------------+-------+-------++-------
  Melee: Unarmed           |    73 |    99 ||   172
         Punch             |       |     5 ||     5
Ability: Begin Untransform |     1 |     2 ||     3
    Use: Potion            |     1 |       ||     1
   Stab: Sleeping          |     2 |     1 ||     3
 Armour: Animal skin       |    38 |    11 ||    49
         Skin              |     2 |     1 ||     3
         Leather armour    |       |    27 ||    27
  Dodge: Dodged            |    39 |    65 ||   104
   Form: Beast             |     1 |     2 ||     3
